 Dungeon Crawl Stone Soup version 0.29.1-12-g30fa7ad0bf (webtiles) character file.

Game seed: 1187286094007564034

3242 hawla the Arsonist (level 10, -6/73 HPs)
             Began as a Meteoran Fire Elementalist on Jan 9, 2023.
             Was a Follower of Vehumet.
             Mangled by a komodo dragon (13 damage)
             ... while petrified by a basilisk
             ... on level 1 of the Lair of Beasts.
             The game lasted 00:13:49 (2649 turns).

hawla the Arsonist (Meteoran Fire Elementalist)     Turns: 2649, Time: 00:13:49

Health: -6/73      AC:  8    Str: 10    XL:     10   Next: 41%
Magic:  8/23       EV:  2    Int: 21    God:    Vehumet [*.....]
Gold:   301        SH:  0    Dex: 21    Spells: 15/26 levels left

rFire   . . .      SeeInvis .   q - +1 short sword (venom)
rCold   . . .      Faith    .   (no shield)
rNeg    + + +      Spirit   .   e - +0 steam dragon scales
rPois   ∞          Reflect  .   v - +0 helmet
rElec   .          Harm     .   (no cloak)
rCorr   .          Rampage  .   i - +1 pair of gloves
Will    +....                   (no boots)
Stlth   +.........              (no amulet)
HPRegen 0.22/turn               f - +6 ring of dexterity
MPRegen 0.18/turn               s - ring of positive energy

@: petrified, glowing
A: sense surroundings 2, otherworldly, glowing, explore regen, mutation
resistance 1
a: Renounce Religion


You were on level 1 of the Lair of Beasts.
You worshipped Vehumet.
Vehumet was aware of your devotion.
You visited 3 branches of the dungeon, and saw 10 of its levels.

You collected 301 gold pieces.

Inventory:

Hand Weapons
 q - a +1 short sword of venom (weapon)
Armour
 e - +0 steam dragon scales (worn)
 i - a +1 pair of gloves (worn)
 v - a +0 helmet (worn)
Jewellery
 a - the amulet of Hurarest {Faith Int+5}
   (You found it on level 8 of the Dungeon)

   [amulet of faith]

   It allows you to gain divine favour quickly.
   Int:       It affects your intelligence (+5).
 f - a +6 ring of dexterity (left hand)
 s - a ring of positive energy (right hand)
Wands
 l - a wand of mindburst (8) (quivered)
Scrolls
 c - 2 scrolls of identify
 d - 2 scrolls of teleportation
 h - a scroll of vulnerability
 j - a scroll of blinking
 m - 2 scrolls of enchant weapon {unknown}
 o - a scroll of magic mapping
 r - a scroll of enchant armour {unknown}
 t - 2 scrolls of amnesia {unknown}
 u - a scroll of immolation {unknown}
Potions
 b - a potion of degeneration
 g - 2 potions of curing
 k - 2 potions of might


   Skills:
 + Level 2.1 Fighting
 + Level 2.4 Short Blades
 + Level 4.4 Dodging
 - Level 1.4 Stealth
 + Level 8.9 Spellcasting
 + Level 6.7 Conjurations
 + Level 9.1 Fire Magic
 + Level 5.9 Ice Magic
 + Level 2.0 Evocations


You had 15 spell levels left.
You knew the following spells:

 Your Spells              Type           Power      Damage    Failure   Level
a - Foxfire               Conj/Fire      100%       2x1d9     1%          1
b - Scorch                Fire           96%        2d9       1%          2
c - Flame Wave            Conj/Fire      42%        2d11      2%          4
d - Hailstorm             Conj/Ice       36%        3d9       5%          4

Your spell library contained the following spells:

 Spells                   Type           Power      Damage    Failure   Level
 Magic Dart               Conj           100%       1d8       1%          1
 Freeze                   Ice            100%       1d11      1%          1
 Conjure Flame            Conj/Fire      42%        6-21      1%          3
 Frozen Ramparts          Ice            68%        1d11      1%          3
 Inner Flame              Hex/Fire       28%        N/A       3%          3
 Stone Arrow              Conj/Erth      46%        3d9       5%          3
 Sandblast                Erth           18%        2d7       8%          1
 Passwall                 Tmut/Erth      7%         N/A       11%         2


Dungeon Overview and Level Annotations

Branches:
Dungeon (8/15) Zot: 2457   Temple (1/1) D:5 Zot: 338    Lair (1/5) D:8 Zot: 551

Altars:
Dithmenos
Gozag
Hepliaklqana
Kikubaaqudgha
Makhleb
Nemelex Xobeh
Okawaru
Qazlal
Ru
Sif Muna
Trog
Uskayaw
Vehumet
Xom
Yredelemnul
Zin
The Shining One

Annotations:
D:6 1 runed translucent door


Innate Abilities, Weirdness & Mutations

You passively map the area around you.
You are easily found by Zot.
You glow in the dark.
You regain HP and MP as you explore.
You are somewhat resistant to further mutation.


Message History

Press: ? - help, Dir - look around, f - activate A wave of flame ripples out!
The flame wave engulfs the komodo dragon!
The komodo dragon is moderately wounded. (Press . to intensify the flame waves.)
The komodo dragon bites you! The basilisk gazes at you.
You are slowing down.
A wave of flame ripples out!
The flame wave engulfs the komodo dragon!
The komodo dragon is heavily wounded.
The flame wave engulfs the basilisk!
The basilisk is heavily wounded.
The flame wave engulfs the fungus!
The fungus is lightly damaged.
A nearby fungus withers and dies.
The komodo dragon barely misses you. The komodo dragon bites you!!
Your limbs are stiffening.
A wave of flame ripples out!
The flame wave engulfs the komodo dragon!
The komodo dragon is severely wounded.
The flame wave engulfs the basilisk!
The basilisk is heavily wounded.
You finish channelling waves of flame.
The basilisk gazes at you.
You easily resist.
The komodo dragon barely misses you. The basilisk bites you.
You have turned to stone.
The komodo dragon bites you. The basilisk gazes at you.
The komodo dragon bites you but does no damage.
The basilisk gazes at you.
You easily resist.
The komodo dragon bites you!!
* * * LOW HITPOINT WARNING * * *
The basilisk barely misses you. The komodo dragon bites you!!
* * * LOW HITPOINT WARNING * * *
The basilisk bites you.
* * * LOW HITPOINT WARNING * * *
The komodo dragon bites you!!
You die...

, , , , * ............
............
...........?. *
.......... ...*
........## #.######
.........###.#.....##
..........##.#.l....#
.<........#....l@...##
.........###........P#
....................##
....................##
.....................#
#....................#
###....#............##
##....#...........#
##P####.........##


You could see a komodo dragon and a basilisk.

Vanquished Creatures
  An unseen horror (D:7)
  A komodo dragon (D:8)
  2 wyverns
  Eustachio (D:5)
  A steam dragon (D:8)
  A water moccasin (D:6)
  An orc warrior (D:7)
  A sky beast (D:8)
  A black bear (D:5)
  4 ice beasts
  A centaur (D:7)
  A kobold brigand (D:7)
  Blork the orc (D:5)
  3 necrophages
  2 gnoll sergeants (D:8)
  2 bullfrogs
  3 scorpions
  2 howler monkeys (D:8)
  2 hounds
  2 jellies
  5 iguanas
  A gnoll bouda (D:6)
  3 orc wizards
  2 adders
  10 gnolls
  3 white imps
  2 ufetubi
  2 worms (D:2)
  10 orcs
  2 goblins (D:2)
  3 hobgoblins
  2 quokkas
  A ball python (D:3)
  2 bats
  3 frilled lizards (D:2)
  7 kobolds
  A rat (D:2)
92 creatures vanquished.

Vanquished Creatures (others)
  A gnoll (D:8)
  127 foxfires
  A fungus (Lair:1)
  5 plants (D:8)
134 creatures vanquished.

Grand Total: 226 creatures vanquished

Notes
Turn   | Place    | Note
-------+----------+-------------------------------------------
     0 | D:1      | hawla the Meteoran Fire Elementalist began the quest for
                  | the Orb.
     0 | D:1      | Reached XP level 1. HP: 14/14 MP: 5/5
    22 | D:2      | Reached skill level 4 in Fire Magic
    22 | D:2      | Reached XP level 2. HP: 20/20 MP: 0/7
    42 | D:2      | Reached XP level 3. HP: 26/26 MP: 1/8
   110 | D:3      | Found a faded altar of an unknown god.
   147 | D:4      | Learned a level 2 spell: Scorch
   153 | D:4      | You fall into a shaft and drop 1 floor!
   153 | D:5      | Entered Level 5 of the Dungeon
   166 | D:5      | Noticed Blork the orc
   172 | D:5      | Killed Blork the orc
   173 | D:5      | Reached skill level 5 in Fire Magic
   173 | D:5      | Reached XP level 4. HP: 28/33 MP: 1/10
   173 | D:5      | Reached XP level 5. HP: 32/38 MP: 1/11
   207 | D:5      | Learned a level 4 spell: Flame Wave
   287 | D:5      | Reached XP level 6. HP: 45/45 MP: 6/13
   308 | D:5      | Noticed Eustachio
   345 | D:5      | Killed Eustachio
   346 | D:5      | Reached skill level 5 in Conjurations
   346 | D:5      | Reached XP level 7. HP: 7/50 MP: 6/14
   470 | D:5      | Reached skill level 5 in Spellcasting
   470 | D:5      | Reached skill level 6 in Fire Magic
   500 | D:5      | Found a staircase to the Ecumenical Temple.
   525 | Temple   | Entered the Ecumenical Temple
   753 | Temple   | Became a worshipper of Vehumet
  1198 | D:5      | Reached XP level 8. HP: 48/57 MP: 11/17
  1206 | D:5      | Learned a level 4 spell: Hailstorm
  1259 | D:6      | Reached skill level 1 in Ice Magic
  1403 | D:6      | Reached skill level 5 in Ice Magic
  1416 | D:6      | Found a glowing golden altar of the Shining One.
  1447 | D:6      | Gained mutation: You passively map the area around you.
                  | [Meteoran growth]
  1447 | D:6      | Reached XP level 9. HP: 39/62 MP: 1/18
  1627 | D:6      | Found a burning altar of Makhleb.
  1627 | D:6      | Noticed a cacodemon
  1631 | D:6      | Noticed a smoke demon
  1659 | D:6      | Found a runed translucent door.
  1664 | D:7      | Found a hide-covered altar of Uskayaw.
  1671 | D:7      | Found a bloodstained altar of Trog.
  1713 | D:7      | Killed an unseen horror
  1714 | D:7      | Reached skill level 7 in Fire Magic
  1715 | D:7      | Found a sacrificial altar of Ru.
  1750 | D:7      | Reached * piety under Vehumet
  1750 | D:7      | Offered knowledge of Magic Dart by Vehumet.
  1946 | D:7      | Found an opulent altar of Gozag.
  1989 | D:7      | Reached skill level 8 in Fire Magic
  2053 | D:7      | Reached skill level 1 in Short Blades
  2053 | D:7      | Reached XP level 10. HP: 58/70 MP: 21/23
  2191 | D:8      | Reached skill level 1 in Fighting
  2234 | D:8      | Found a staircase to the Lair.
  2235 | D:8      | Noticed a komodo dragon
  2310 | D:8      | Killed a komodo dragon
  2311 | D:8      | Reached skill level 9 in Fire Magic
  2322 | D:8      | Gained mutation: You are somewhat resistant to further
                  | mutation. [potion of mutation]
  2356 | D:8      | Identified the amulet of Hurarest {Faith Int+5}
  2602 | Lair:1   | Entered Level 1 of the Lair of Beasts
  2635 | Lair:1   | Noticed a komodo dragon
  2649 | Lair:1   | Mangled by a komodo dragon

Illustrated notes

Levels and vault maps discovered:
D:1:      lightli_arrival_boilingwater, layout_basic, serial_shops, shop
D:2:      layout_rooms, basic_altar, roderic_malta_cross
D:3:      layout_rooms, mainiacjoe_overflow_cross_hatched,
          ebering_ecumenical_altar_webs, saegor_snake_ambush, uniq_terence,
          uniq_ijyb
D:4:      layout_gridville, uniq_edmund, uniq_duvessa
D:5:      layout_layer_cave, minmay_temple_entry_purple_smoke, uniq_eustachio,
          uniq_blork_the_orc
D:6:      layout_rooms, tso_metal_star, makhleb_altar_promises_db,
          gammafunk_ghost_grave
D:7:      nicolae_cairo_tiling_very_big, layout_basic, grunt_gozag_breadcrumbs,
          grunt_temple_overflow_open, nicolae_ru_awakened_eye
D:8:      layout_rooms, david_lair_shrubbed, hangedman_decor_lopped,
          dk_noncrumbling_3
Temple:   minmay_temple_curvy_loop
Lair:1:   layout_cave_pods

Skill      XL: |  1  2  3  4  5  6  7  8  9 10 |
---------------+-------------------------------+-----
Spellcasting   | 3 4 5 8 |  8.9
Fire Magic     | 4 5 6 8 9 |  9.1
Conjurations   | 2 5 6 |  6.7
Dodging        | 3 4 |  4.4
Ice Magic      | 5 |  5.9
Evocations     | 2 |  2.0
Short Blades   | 1 2 |  2.4
Fighting       | 2 |  2.1
Stealth        | |  1.4

Action                   |  1- 3 |  4- 6 |  7- 9 | 10-12 || total
-------------------------+-------+-------+-------+-------++-------
Melee: Unarmed           |     3 |     1 |     3 |       ||     7
       Short sword       |       |       |    23 |    19 ||    42
 Cast: Foxfire           |    30 |    12 |    26 |     6 ||    74
       Scorch            |     2 |    11 |    45 |    13 ||    71
       Flame Wave        |       |     2 |     7 |     9 ||    18
       Hailstorm         |       |       |     5 |     1 ||     6
  Use: Potion            |       |     1 |     1 |     5 ||     7
       Scroll            |       |       |     3 |     5 ||     8
Armor: Robe              |     5 |    15 |    17 |     8 ||    45
       Steam dragon scal |       |       |       |     2 ||     2
Dodge: Dodged            |     4 |    38 |    47 |    27 ||   116
